AoeStats
← Grogu

Hideout

507358964Analyzed
1v1 RM · 13d ago on Sep 17, 2026· 48m 58s· 2 players
Game mode
Random Map
Map size
Tiny (2 player)
Population
200
Speed
Normal
Resources
Standard
Victory
Conquest
Starting age
Dark Age
Ending age
Imperial Age
RankedLock teamsTeams togetherTeam positionsShared explorationLock speedFull tech treeHidden civsTurbo modeCheats
Victory
Defeat
🇧🇷 Romans · Brazil
1255
+14
🇦🇷 Saracens · Argentina
1204
-14
Grogu
6:32 Loom
9:09 Feudal Age
9:20 Man-at-Arms
11:26 Horse Collar
19:11 Castle Age
18:07 Scale Barding Armor
18:10 Scale Mail Armor
20:20 Chain Mail Armor
20:08 Squires
20:04 Long Swordsman
24:24 Bloodlines
28:36 Double-Bit Axe
30:07 Heavy Plow
31:09 Wheelbarrow
33:57 Imperial Age
35:00 Forging
34:42 Legionary
36:53 Heavy Scorpion
38:11 Town Watch
44:06 Bow Saw
45:01 Ballistas
46:33 Comitatenses
48:53 Guard Tower
49:23 Ballistics
48:56 Fletching
Piquy
7:06 Loom
9:39 Feudal Age
10:14 Double-Bit Axe
17:38 Wheelbarrow
20:46 Castle Age
19:32 Gold Mining
19:27 Horse Collar
20:12 Fletching
20:22 Padded Archer Armor
21:26 Crossbowman
25:36 Husbandry
28:29 Bloodlines
28:53 Stone Mining
31:52 Bodkin Arrow
33:01 Thumb Ring
33:41 Town Watch
34:50 Hand Cart
37:50 Imperial Age
36:26 Scale Barding Armor
36:32 Forging
38:09 Gold Shaft Mining
39:28 Bracer
39:40 Forging
40:48 Chemistry
39:48 Heavy Camel Rider
41:48 Heavy Plow
42:35 Iron Casting
41:38 Arbalester
43:29 Town Patrol
43:37 Light Cavalry
45:39 Ballistics
Connection lost

Rejoining the realm…

Still unreachable

The connection could not be restored.

Session expired

The server has moved on; the page needs a fresh start.